ST. LOUIS Blues vs MINNESOTA Wild

Created - 5 avril 2024 at 17:07

Goals
1 2 3 T
ST. LOUIS Blues 1 0 2 3
MINNESOTA Wild 1 5 1 7
Shots
1 2 3 T
ST. LOUIS Blues 12 7 13 32
MINNESOTA Wild 8 14 13 35

1st period

1. MINNESOTA Wild , Alex Pietrangelo 13 (Mattias Ekholm 35, Martin Necas 33) at 14:37 (PP)
2. ST. LOUIS Blues , Robby Fabbri 4 (Colin Miller 15, Filip Gustavsson) at 18:37

Penalties :
Kevin Fiala (MIN) for Roughing (Minor) at 6:56, Colin Miller (STL) for Hooking (Minor) at 13:32, Nikita Kucherov (MIN) for Hooking (Minor) at 16:34

2nd period

3. MINNESOTA Wild , Tyler Toffoli 19 (Alex Pietrangelo 46) at 3:22
4. MINNESOTA Wild , Mattias Ekholm 11 (J.T. Miller 51, Alex Pietrangelo 47) at 11:23 (PP)
5. MINNESOTA Wild , Martin Necas 27 (Kevin Fiala 35, Robert Thomas 38) at 15:23
6. MINNESOTA Wild , Tyler Toffoli 20 (Nikita Kucherov 35, J.T. Miller 52) at 16:20
7. MINNESOTA Wild , Robert Thomas 27 (Martin Necas 34, Alex Pietrangelo 48) at 18:34

Penalties :
Mathieu Joseph (MIN) for Tripping (Minor) at 7:04, Colin Miller (STL) for Roughing (Minor) at 10:29

3rd period

8. MINNESOTA Wild , Yanni Gourde 17 (Caleb Jones 14, Taylor Hall 14) at 4:10
9. ST. LOUIS Blues , Oliver Bjorkstrand 16 (Oscar Klefbom 16, Colin Miller 16) at 11:26
10. ST. LOUIS Blues , Jonathan Marchessault 24 (Roope Hintz 49) at 14:54 (PP)

Penalties :
Alex Pietrangelo (MIN) for Cross-checking (Minor) at 0:06, Caleb Jones (MIN) for Holding (Minor) at 12:10, Alexandre Carrier (MIN) for Tripping (Minor) at 13:39

Goalie Stats

Marc-Andre Fleury (STL), 12 saves from 14 shots - (0,857), 23:40 minutes
Filip Gustavsson (STL), 16 saves from 21 shots - (0,762), L, 36-28-4, 36:20 minutes
Ilya Samsonov (MIN), 29 saves from 32 shots - (0,906), W, 43-22-5, 60:00 minutes

Players Stats for ST. LOUIS Blues

Player Name              G  A  P  +/- PIM S  H  SB GA TA FO     MP     PP MP  PK MP  
------------------------------------------------------------------------------------
Brandon Tanev            0  0  0   0  0   2  2  0  0  0  1/1    13:25   0:00   0:00 
Calle Jarnkrok           0  0  0   0  0   0  1  1  0  0  1/2    14:44   0:00   0:00 
Colin Miller             0  2  2   0  4   1  2  1  0  0  0/0    16:18   4:37   0:00 
Damon Severson           0  0  0  -1  0   1  1  2  0  0  0/0    22:05   4:37   0:12 
Erik Brannstrom          0  0  0   0  0   0  0  0  0  0  0/0     0:00   0:00   0:00 
Erik Gustafsson          0  0  0  -1  0   0  2  0  0  0  0/0    17:16   0:00   0:00 
Erik Haula               0  0  0   0  0   1  0  0  0  0  8/18   18:52   5:15   0:12 
Erik Karlsson            0  0  0  -2  0   5  1  3  0  0  0/0    26:12   6:03   1:47 
Evgeny Kuznetsov         0  0  0  -3  0   4  1  0  0  0  18/31  21:12   5:25   0:12 
Gustav Forsling          0  0  0  -2  0   1  0  4  0  0  0/0    26:12   6:03   1:47 
Jack Roslovic            0  0  0   0  0   2  1  0  0  0  0/0    20:09   5:25   0:00 
Jonathan Marchessault    1  0  1  -3  0   3  2  0  0  0  2/6    22:37   5:15   1:47 
Kevin Labanc             0  0  0   0  0   2  1  0  0  0  0/0     3:37   0:00   0:00 
Marcus Johansson         0  0  0   0  0   0  0  0  0  0  1/2    13:25   0:00   0:00 
Oliver Bjorkstrand       1  0  1  -3  0   3  0  1  0  0  0/2    21:00   5:25   0:00 
Oscar Klefbom            0  1  1   0  0   0  1  3  0  0  0/0    11:55   0:00   0:12 
Robby Fabbri             1  0  1   0  0   1  0  0  0  0  1/3     3:37   0:00   0:00 
Roope Hintz              0  1  1   0  0   6  2  4  0  0  15/33  25:23   5:15   1:47 

Players Stats for MINNESOTA Wild

Player Name              G  A  P  +/- PIM S  H  SB GA TA FO     MP     PP MP  PK MP  
------------------------------------------------------------------------------------
Alex Pietrangelo         1  3  4   2  2   1  2  1  0  0  0/0    24:46   0:27   4:53 
Alexandre Carrier        0  0  0   0  2   0  3  0  0  0  0/0    20:44   1:32   3:48 
Anton Lundell            0  0  0   0  0   0  0  0  0  0  4/10    6:20   0:00   3:06 
Caleb Jones              0  1  1   1  2   1  2  1  0  0  0/0    13:57   0:00   1:28 
Denis Malgin             0  0  0   0  0   0  1  0  0  0  0/0     3:14   0:00   0:00 
J.T. Miller              0  2  2   2  0   3  2  0  0  0  24/40  25:48   1:02   7:10 
Kevin Fiala              0  1  1   0  2   3  1  0  0  0  1/1    17:31   0:57   0:00 
Martin Necas             1  2  3   0  0   6  1  0  0  0  1/1    17:32   0:57   0:00 
Mathieu Joseph           0  0  0   0  2   0  2  0  0  0  0/0     3:13   0:00   0:00 
Mattias Ekholm           1  1  2   2  0   2  8  3  0  0  0/0    26:02   0:27   6:08 
Morgan Rielly            0  0  0   0  0   0  1  0  0  0  0/0    21:28   1:32   4:32 
Nikita Kucherov          0  1  1   2  2   0  1  0  0  0  0/3    18:37   1:02   0:00 
Robert Thomas            1  1  2   0  0   7  0  1  0  0  10/27  20:38   0:57   3:06 
Taylor Hall              0  1  1   1  0   2  0  0  0  0  2/2     9:56   0:00   0:00 
Trevor Moore             0  0  0   1  0   2  0  0  0  0  1/1    10:25   0:00   0:29 
Tyler Toffoli            2  0  2   2  0   6  0  0  0  0  0/1    19:39   1:02   1:01 
Yanni Gourde             1  0  1   1  0   1  1  1  0  0  8/12   15:54   0:00   5:58 
Zach Werenski            0  0  0   1  0   1  0  0  0  0  0/0    13:00   0:00   0:30 

3 Stars

1 - Mattias Ekholm (MIN)
2 - Alex Pietrangelo (MIN)
3 - Tyler Toffoli (MIN)

Power Play

ST. LOUIS Blues - 1 on 6 Attempt(s) - 16,67%
MINNESOTA Wild - 2 on 2 Attempt(s) - 100,00%

Penalty Kill

ST. LOUIS Blues - 0 on 2 Attempt(s) - 0,00% - Score 0 goal in Penalty Kill
MINNESOTA Wild - 5 on 6 Attempt(s) - 83,33% - Score 0 goal in Penalty Kill

Team Stat

ST. LOUIS Blues - Hits : 17 - Faceoff Wins : 47 - Blocked Shots : 19 - Penalty Minutes : 4
MINNESOTA Wild - Hits : 25 - Faceoff Wins : 51 - Blocked Shots : 7 - Penalty Minutes : 12

Official

Referees : Jacqueline Howard and Frederick L'Ecuyer
Linesman : Bevan Mills and Julien Fournier

Game Notes

Marc-Andre Fleury enters game at 16:20 of 2nd period

Finance

Level 1 -- Attendance: 5284 (81,29%) -- Ticket Income $538,968
Level 2 -- Attendance: 4408 (73,47%) -- Ticket Income $268,888
Level 3 -- Attendance: 2127 (70,90%) -- Ticket Income $72,318
Level 4 -- Attendance: 2620 (65,50%) -- Ticket Income $65,500
Luxury Box -- Attendance: 772 (77,20%) -- Ticket Income $159,032
Game was played at the Xcel Energy Center.
Total Attendance: 15211 (74,20%)
Total Ticket Income: $1,104,706
Other Income: $276,176
Total Income: $1,380,882

ST. LOUIS Blues

5 vs 5 Forward 
   Center                   Left Wing                Right Wing               Time % Phy DF OF 
 1 Evgeny Kuznetsov         Jonathan Marchessault    Oliver Bjorkstrand       35     1   2  2  
 2 Roope Hintz              Calle Jarnkrok           Jack Roslovic            35     1   2  2  
 3 Erik Haula               Brandon Tanev            Marcus Johansson         20     1   2  2  
 4 Robby Fabbri             Kevin Labanc             Roope Hintz              10     1   2  2  

5 vs 5 Defense 
   Defense                  Defense                                           Time % Phy DF OF 
 1 Erik Karlsson            Gustav Forsling                                   40     1   2  2  
 2 Damon Severson           Erik Gustafsson                                   30     1   2  2  
 3 Colin Miller             Oscar Klefbom                                     20     1   2  2  
 4 Gustav Forsling          Erik Karlsson                                     10     1   2  2  

PowerPlay Forward 
   Center                   Left Wing                Right Wing               Time % Phy DF OF 
 1 Roope Hintz              Jonathan Marchessault    Erik Haula               60     1   2  2  
 2 Evgeny Kuznetsov         Oliver Bjorkstrand       Jack Roslovic            40     1   2  2  

PowerPlay Defense
   Defense                  Defense                                           Time % Phy DF OF 
 1 Erik Karlsson            Gustav Forsling                                   60     1   2  2  
 2 Damon Severson           Colin Miller                                      40     1   2  2  

Penalty Kill 4 Players Forward 
   Center                   Wing                     Time % Phy DF OF 
 1 Roope Hintz              Jonathan Marchessault    60     1   2  2  
 2 Erik Haula               Evgeny Kuznetsov         40     1   2  2  

Penalty Kill 4 Players Defense
   Defense                  Defense                  Time % Phy DF OF 
 1 Erik Karlsson            Gustav Forsling          60     1   2  2  
 2 Damon Severson           Oscar Klefbom            40     1   2  2  

Penalty Kill - 3 Players Forward 
   Forward                                           Time % Phy DF OF 
 1 Roope Hintz                                       60     1   2  2  
 2 Jonathan Marchessault                             40     1   2  2  

Penalty Kill - 3 Players Defense
   Defense                  Defense                  Time % Phy DF OF 
 1 Erik Karlsson            Gustav Forsling          60     1   2  2  
 2 Damon Severson           Oscar Klefbom            40     1   2  2  

4 vs 4 Forward 
   Center                   Wing                     Time % Phy DF OF 
 1 Roope Hintz              Jonathan Marchessault    60     1   2  2  
 2 Erik Haula               Evgeny Kuznetsov         40     1   2  2  

4 vs 4 Defense
   Defense                  Defense                  Time % Phy DF OF 
 1 Erik Karlsson            Gustav Forsling          60     1   2  2  
 2 Damon Severson           Colin Miller             40     1   2  2  

Last Minutes Offensive
   Center                   Left Wing                Right Wing               Defense                  Defense                  
   Roope Hintz              Jonathan Marchessault    Oliver Bjorkstrand       Erik Karlsson            Gustav Forsling          

Last Minutes Defensive
   Center                   Left Wing                Right Wing               Defense                  Defense                  
   Roope Hintz              Jonathan Marchessault    Oliver Bjorkstrand       Erik Karlsson            Gustav Forsling          

Goaltenders
Starting : Filip Gustavsson         
Backup : Marc-Andre Fleury        

Extra Forwards
Normal : Evgeny Kuznetsov, Brandon Tanev, Jack Roslovic - PP : Evgeny Kuznetsov, Brandon Tanev - PK : Jack Roslovic
Extra Defensemen
Normal : Colin Miller, Oscar Klefbom, Gustav Forsling - PP : Colin Miller - PK : Oscar Klefbom, Erik Karlsson
Penalty Shots
Roope Hintz, Jonathan Marchessault, Erik Karlsson, Evgeny Kuznetsov, Gustav Forsling

Scratches
None

MINNESOTA Wild

5 vs 5 Forward 
   Center                   Left Wing                Right Wing               Time % Phy DF OF 
 1 J.T. Miller              Tyler Toffoli            Nikita Kucherov          40     1   2  2  
 2 Robert Thomas            Kevin Fiala              Martin Necas             32     1   2  2  
 3 Yanni Gourde             Taylor Hall              Trevor Moore             20     1   2  2  
 4 Anton Lundell            Mathieu Joseph           Denis Malgin             8      1   3  1  

5 vs 5 Defense 
   Defense                  Defense                                           Time % Phy DF OF 
 1 Alex Pietrangelo         Mattias Ekholm                                    40     1   2  2  
 2 Morgan Rielly            Alexandre Carrier                                 32     1   3  1  
 3 Zach Werenski            Caleb Jones                                       20     1   3  1  
 4 Alex Pietrangelo         Mattias Ekholm                                    8      1   2  2  

PowerPlay Forward 
   Center                   Left Wing                Right Wing               Time % Phy DF OF 
 1 J.T. Miller              Tyler Toffoli            Nikita Kucherov          60     1   1  3  
 2 Robert Thomas            Kevin Fiala              Martin Necas             40     1   1  3  

PowerPlay Defense
   Defense                  Defense                                           Time % Phy DF OF 
 1 Alex Pietrangelo         Mattias Ekholm                                    60     1   2  2  
 2 Morgan Rielly            Alexandre Carrier                                 40     1   2  2  

Penalty Kill 4 Players Forward 
   Center                   Wing                     Time % Phy DF OF 
 1 J.T. Miller              Yanni Gourde             60     1   3  1  
 2 Anton Lundell            Robert Thomas            40     1   3  1  

Penalty Kill 4 Players Defense
   Defense                  Defense                  Time % Phy DF OF 
 1 Alex Pietrangelo         Mattias Ekholm           60     1   3  1  
 2 Morgan Rielly            Alexandre Carrier        40     1   3  1  

Penalty Kill - 3 Players Forward 
   Forward                                           Time % Phy DF OF 
 1 J.T. Miller                                       60     1   3  1  
 2 Yanni Gourde                                      40     1   3  1  

Penalty Kill - 3 Players Defense
   Defense                  Defense                  Time % Phy DF OF 
 1 Alex Pietrangelo         Mattias Ekholm           60     1   3  1  
 2 Morgan Rielly            Alexandre Carrier        40     1   3  1  

4 vs 4 Forward 
   Center                   Wing                     Time % Phy DF OF 
 1 J.T. Miller              Nikita Kucherov          60     1   2  2  
 2 Robert Thomas            Kevin Fiala              40     1   2  2  

4 vs 4 Defense
   Defense                  Defense                  Time % Phy DF OF 
 1 Alex Pietrangelo         Mattias Ekholm           60     1   2  2  
 2 Morgan Rielly            Alexandre Carrier        40     1   2  2  

Last Minutes Offensive
   Center                   Left Wing                Right Wing               Defense                  Defense                  
   J.T. Miller              Tyler Toffoli            Nikita Kucherov          Alex Pietrangelo         Mattias Ekholm           

Last Minutes Defensive
   Center                   Left Wing                Right Wing               Defense                  Defense                  
   J.T. Miller              Yanni Gourde             Robert Thomas            Alex Pietrangelo         Mattias Ekholm           

Goaltenders
Starting : Ilya Samsonov            
Backup : Jack Campbell            

Extra Forwards
Normal : Trevor Moore, Anton Lundell, Mathieu Joseph - PP : Taylor Hall, Yanni Gourde - PK : Trevor Moore
Extra Defensemen
Normal : Zach Werenski, Caleb Jones, Alexandre Carrier - PP : Zach Werenski - PK : Caleb Jones, Zach Werenski
Penalty Shots
Nikita Kucherov, Tyler Toffoli, J.T. Miller, Kevin Fiala, Martin Necas

Scratches
None


% Time on Ice - ST. LOUIS Blues

Lines # - Real PCT - Wanted PCT - Time Play
Normal Forward
1 - 33% - 35% - 15:35
2 - 31% - 35% - 14:44
3 - 28% - 20% - 13:25
4 - 8% - 10% - 3:37
Normal Defense
1 - 38% - 40% - 18:04
2 - 36% - 30% - 17:16
3 - 25% - 20% - 11:43
4 - 1% - 10% - 0:18
PP Forward
1 - 49% - 60% - 5:15
2 - 51% - 40% - 5:25
PP Defense
1 - 57% - 60% - 6:03
2 - 43% - 40% - 4:37
PK Forward
1 - 90% - 60% - 1:47
2 - 10% - 40% - 0:12
PK Defense
1 - 90% - 60% - 1:47
2 - 10% - 40% - 0:12
PK3 Forward
1 - 0% - 60%
2 - 0% - 40%
PK3 Defense
1 - 0% - 60%
2 - 0% - 40%
44 Forward
1 - 0% - 60%
2 - 0% - 40%
44 Defense
1 - 0% - 60%
2 - 0% - 40%
Last Minute Offensive  - 0:00
Last Minute Defensive  - 0:00
Total
Forward - 60:00
Defense - 60:00

% Time on Ice - MINNESOTA Wild

Lines # - Real PCT - Wanted PCT - Time Play
Normal Forward
1 - 37% - 40% - 17:36
2 - 35% - 32% - 16:35
3 - 21% - 20% - 9:56
4 - 7% - 8% - 3:14
Normal Defense
1 - 40% - 40% - 19:00
2 - 33% - 32% - 15:24
3 - 26% - 20% - 12:30
4 - 1% - 8% - 0:27
PP Forward
1 - 52% - 60% - 1:02
2 - 48% - 40% - 0:57
PP Defense
1 - 23% - 60% - 0:27
2 - 77% - 40% - 1:32
PK Forward
1 - 70% - 60% - 7:04
2 - 30% - 40% - 3:06
PK Defense
1 - 60% - 60% - 6:08
2 - 40% - 40% - 4:02
PK3 Forward
1 - 100% - 60% - 0:30
2 - 0% - 40% - 0:00
PK3 Defense
1 - 0% - 60% - 0:00
2 - 100% - 40% - 0:30
44 Forward
1 - 0% - 60%
2 - 0% - 40%
44 Defense
1 - 0% - 60%
2 - 0% - 40%
Last Minute Offensive  - 0:00
Last Minute Defensive  - 0:00
Total
Forward - 60:00
Defense - 60:00

Play-by-Play

1st period


0:01 of 1st period - Evgeny Kuznetsov wins face-off versus J.T. Miller in neutral zone.
0:35 of 1st period - Shot by Jonathan Marchessault.
0:35 of 1st period - Shot Misses the Net.
0:37 of 1st period - Shot by Erik Karlsson.
0:37 of 1st period - Stopped by Ilya Samsonov without a rebound.
0:38 of 1st period - Roope Hintz wins face-off versus Robert Thomas in MINNESOTA Wild zone.
1:04 of 1st period - Icing by Morgan Rielly.
1:05 of 1st period - Erik Haula wins face-off versus Robert Thomas in MINNESOTA Wild zone.
1:20 of 1st period - Shot by Martin Necas.
1:20 of 1st period - Shot Misses the Net.
2:08 of 1st period - Shot by Zach Werenski.
2:08 of 1st period - Shot Hit the Post.
2:10 of 1st period - Shot by Zach Werenski.
2:10 of 1st period - Stopped by Filip Gustavsson without a rebound.
2:11 of 1st period - Evgeny Kuznetsov wins face-off versus J.T. Miller in ST. LOUIS Blues zone.
2:21 of 1st period - Jonathan Marchessault is hit by J.T. Miller and loses puck.
2:26 of 1st period - Shot by Tyler Toffoli.
2:26 of 1st period - Shot Misses the Net.
2:46 of 1st period - Shot by Jonathan Marchessault.
2:46 of 1st period - Shot Misses the Net.
4:12 of 1st period - Shot by Martin Necas.
4:12 of 1st period - Stopped by Filip Gustavsson without a rebound.
4:13 of 1st period - Erik Haula wins face-off versus Yanni Gourde in ST. LOUIS Blues zone.
4:30 of 1st period - Yanni Gourde is hit by Brandon Tanev and loses puck.
4:39 of 1st period - Shot by Trevor Moore.
4:39 of 1st period - Stopped by Filip Gustavsson without a rebound.
4:40 of 1st period - Jonathan Marchessault wins face-off versus J.T. Miller in ST. LOUIS Blues zone.
5:08 of 1st period - J.T. Miller is hit by Erik Gustafsson and loses puck.
5:40 of 1st period - Icing by Oliver Bjorkstrand.
5:41 of 1st period - Yanni Gourde wins face-off versus Evgeny Kuznetsov in ST. LOUIS Blues zone.
6:21 of 1st period - Shot by Roope Hintz.
6:21 of 1st period - Deflect By Kevin Labanc.
6:21 of 1st period - Stopped by Ilya Samsonov without a rebound.
6:22 of 1st period - Marcus Johansson wins face-off versus Robert Thomas in MINNESOTA Wild zone.
6:32 of 1st period - Martin Necas is hit by Brandon Tanev and loses puck.
6:43 of 1st period - Shot by Robert Thomas.
6:43 of 1st period - Shot Blocked by Colin Miller.
6:56 of 1st period - Minor Penalty to Kevin Fiala for Roughing.
6:57 of 1st period - J.T. Miller wins face-off versus Roope Hintz in MINNESOTA Wild zone.
7:29 of 1st period - Icing by Erik Karlsson.
7:30 of 1st period - J.T. Miller wins face-off versus Roope Hintz in ST. LOUIS Blues zone.
7:33 of 1st period - Shot by Yanni Gourde.
7:33 of 1st period - Shot Misses the Net.
7:38 of 1st period - Icing by Erik Haula.
7:39 of 1st period - J.T. Miller wins face-off versus Roope Hintz in ST. LOUIS Blues zone.
8:10 of 1st period - Anton Lundell is hit by Evgeny Kuznetsov and loses puck.
8:15 of 1st period - Shot by Damon Severson.
8:15 of 1st period - Stopped by Ilya Samsonov without a rebound.
8:16 of 1st period - Evgeny Kuznetsov wins face-off versus J.T. Miller in MINNESOTA Wild zone.
8:25 of 1st period - Shot by Evgeny Kuznetsov.
8:25 of 1st period - Stopped by Ilya Samsonov without a rebound.
8:26 of 1st period - Evgeny Kuznetsov wins face-off versus J.T. Miller in MINNESOTA Wild zone.
8:27 of 1st period - Shot by Colin Miller.
8:27 of 1st period - Stopped by Ilya Samsonov with a rebound.
8:40 of 1st period - Off-side.
8:41 of 1st period - J.T. Miller wins face-off versus Evgeny Kuznetsov in neutral zone.
9:13 of 1st period - Shot by Robert Thomas.
9:13 of 1st period - Shot Misses the Net.
9:35 of 1st period - Shot by Kevin Labanc.
9:35 of 1st period - Stopped by Ilya Samsonov with a rebound.
9:41 of 1st period - Shot by Kevin Fiala.
9:41 of 1st period - Shot Misses the Net.
10:00 of 1st period - Icing by Alexandre Carrier.
10:01 of 1st period - J.T. Miller wins face-off versus Evgeny Kuznetsov in MINNESOTA Wild zone.
10:17 of 1st period - Shot by Jonathan Marchessault.
10:17 of 1st period - Stopped by Ilya Samsonov without a rebound.
10:18 of 1st period - Erik Haula wins face-off versus Yanni Gourde in MINNESOTA Wild zone.
10:23 of 1st period - Shot by Brandon Tanev.
10:23 of 1st period - Stopped by Ilya Samsonov without a rebound.
10:24 of 1st period - J.T. Miller wins face-off versus Evgeny Kuznetsov in MINNESOTA Wild zone.
10:47 of 1st period - Shot by J.T. Miller.
10:47 of 1st period - Stopped by Filip Gustavsson without a rebound.
10:48 of 1st period - Martin Necas wins face-off versus Roope Hintz in ST. LOUIS Blues zone.
11:14 of 1st period - Shot by Calle Jarnkrok.
11:14 of 1st period - Shot Misses the Net.
11:16 of 1st period - Shot by Jack Roslovic.
11:16 of 1st period - Shot Misses the Net.
11:50 of 1st period - Shot by Brandon Tanev.
11:50 of 1st period - Shot Misses the Net.
12:28 of 1st period - Shot by Tyler Toffoli.
12:28 of 1st period - Stopped by Filip Gustavsson without a rebound.
12:29 of 1st period - Jonathan Marchessault wins face-off versus Yanni Gourde in ST. LOUIS Blues zone.
12:37 of 1st period - Off-side.
12:38 of 1st period - Yanni Gourde wins face-off versus Roope Hintz in neutral zone.
12:40 of 1st period - Trevor Moore is hit by Erik Gustafsson and loses puck.
12:47 of 1st period - Shot by Trevor Moore.
12:47 of 1st period - Shot Blocked by Roope Hintz.
12:49 of 1st period - Shot by Yanni Gourde.
12:49 of 1st period - Shot Blocked by Roope Hintz.
12:53 of 1st period - Shot by Yanni Gourde.
12:53 of 1st period - Shot Misses the Net.
12:55 of 1st period - Shot by Caleb Jones.
12:55 of 1st period - Shot Misses the Net.
12:57 of 1st period - Shot by Zach Werenski.
12:57 of 1st period - Shot Misses the Net.
12:59 of 1st period - Shot by Trevor Moore.
12:59 of 1st period - Stopped by Filip Gustavsson without a rebound.
13:00 of 1st period - Evgeny Kuznetsov wins face-off versus Robert Thomas in ST. LOUIS Blues zone.
13:25 of 1st period - Shot by Martin Necas.
13:25 of 1st period - Deflect By Robert Thomas.
13:25 of 1st period - Shot Blocked by Oscar Klefbom.
13:30 of 1st period - Martin Necas is hit by Colin Miller and loses puck.
13:32 of 1st period - Minor Penalty to Colin Miller for Hooking.
13:33 of 1st period - J.T. Miller wins face-off versus Roope Hintz in ST. LOUIS Blues zone.
13:46 of 1st period - Shot by Morgan Rielly.
13:46 of 1st period - Shot Blocked by Roope Hintz.
13:48 of 1st period - Shot by J.T. Miller.
13:48 of 1st period - Shot Blocked by Gustav Forsling.
13:50 of 1st period - Shot by Tyler Toffoli.
13:50 of 1st period - Stopped by Filip Gustavsson with a rebound.
13:52 of 1st period - Shot by Alexandre Carrier.
13:52 of 1st period - Shot Misses the Net.
13:58 of 1st period - Shot by Morgan Rielly.
13:58 of 1st period - Shot Blocked by Gustav Forsling.
14:35 of 1st period - Shot by Mattias Ekholm.
14:35 of 1st period - Shot Blocked by Erik Karlsson.
14:37 of 1st period - Shot by Alex Pietrangelo.
14:37 of 1st period - Goal by Alex Pietrangelo - ST. LOUIS Blues : 0 - MINNESOTA Wild : 1.
14:38 of 1st period - Taylor Hall wins face-off versus Erik Haula in neutral zone.
14:53 of 1st period - Shot by Trevor Moore.
14:53 of 1st period - Shot Misses the Net.
15:10 of 1st period - Shot by Erik Haula.
15:10 of 1st period - Shot Misses the Net.
15:53 of 1st period - Icing by Caleb Jones.
15:54 of 1st period - Evgeny Kuznetsov wins face-off versus Yanni Gourde in MINNESOTA Wild zone.
16:08 of 1st period - Shot by Jonathan Marchessault.
16:08 of 1st period - Stopped by Ilya Samsonov with a rebound.
16:31 of 1st period - Shot by J.T. Miller.
16:31 of 1st period - Shot Misses the Net.
16:34 of 1st period - Minor Penalty to Nikita Kucherov for Hooking.
16:35 of 1st period - Anton Lundell wins face-off versus Evgeny Kuznetsov in MINNESOTA Wild zone.
17:35 of 1st period - Icing by Gustav Forsling.
17:36 of 1st period - Roope Hintz wins face-off versus J.T. Miller in ST. LOUIS Blues zone.
17:43 of 1st period - Shot by Roope Hintz.
17:43 of 1st period - Stopped by Ilya Samsonov without a rebound.
17:44 of 1st period - J.T. Miller wins face-off versus Roope Hintz in MINNESOTA Wild zone.
18:05 of 1st period - Shot by Erik Haula.
18:05 of 1st period - Shot Blocked by Alex Pietrangelo.
18:37 of 1st period - Shot by Robby Fabbri.
18:37 of 1st period - Goal by Robby Fabbri - ST. LOUIS Blues : 1 - MINNESOTA Wild : 1.
18:38 of 1st period - Anton Lundell wins face-off versus Erik Haula in neutral zone.
18:40 of 1st period - Off-side.
18:41 of 1st period - Robert Thomas wins face-off versus Roope Hintz in neutral zone.
18:52 of 1st period - Shot by Roope Hintz.
18:52 of 1st period - Shot Misses the Net.
19:16 of 1st period - Shot by Jack Roslovic.
19:16 of 1st period - Stopped by Ilya Samsonov without a rebound.
19:17 of 1st period - Erik Haula wins face-off versus Nikita Kucherov in MINNESOTA Wild zone.
Goals for this period are 1 for ST. LOUIS Blues vs 1 for MINNESOTA Wild.
Shots for this period are 12 for ST. LOUIS Blues vs 8 for MINNESOTA Wild.

2nd period


0:01 of 2nd period - J.T. Miller wins face-off versus Roope Hintz in neutral zone.
0:15 of 2nd period - Shot by Tyler Toffoli.
0:15 of 2nd period - Shot Blocked by Gustav Forsling.
0:17 of 2nd period - Shot by J.T. Miller.
0:17 of 2nd period - Stopped by Filip Gustavsson without a rebound.
0:18 of 2nd period - Robert Thomas wins face-off versus Evgeny Kuznetsov in ST. LOUIS Blues zone.
0:22 of 2nd period - Kevin Fiala is hit by Oscar Klefbom and loses puck.
0:40 of 2nd period - Robert Thomas is hit by Colin Miller and loses puck.
0:43 of 2nd period - Shot by Robert Thomas.
0:43 of 2nd period - Shot Blocked by Oliver Bjorkstrand.
0:45 of 2nd period - Shot by Martin Necas.
0:45 of 2nd period - Shot Misses the Net.
0:55 of 2nd period - Shot by Evgeny Kuznetsov.
0:55 of 2nd period - Stopped by Ilya Samsonov without a rebound.
0:56 of 2nd period - J.T. Miller wins face-off versus Calle Jarnkrok in MINNESOTA Wild zone.
1:01 of 2nd period - Jack Roslovic is hit by Nikita Kucherov and loses puck.
1:10 of 2nd period - Shot by J.T. Miller.
1:10 of 2nd period - Stopped by Filip Gustavsson without a rebound.
1:11 of 2nd period - Anton Lundell wins face-off versus Erik Haula in ST. LOUIS Blues zone.
1:19 of 2nd period - Damon Severson is hit by Denis Malgin and loses puck.
2:05 of 2nd period - Gustav Forsling is hit by Mathieu Joseph and loses puck.
2:22 of 2nd period - Shot by Roope Hintz.
2:22 of 2nd period - Stopped by Ilya Samsonov without a rebound.
2:23 of 2nd period - Evgeny Kuznetsov wins face-off versus Robert Thomas in MINNESOTA Wild zone.
2:25 of 2nd period - Oliver Bjorkstrand is hit by Alexandre Carrier and loses puck.
3:22 of 2nd period - Shot by Tyler Toffoli.
3:22 of 2nd period - Goal by Tyler Toffoli - ST. LOUIS Blues : 1 - MINNESOTA Wild : 2.
3:23 of 2nd period - Roope Hintz wins face-off versus J.T. Miller in neutral zone.
3:39 of 2nd period - Roope Hintz is hit by Mattias Ekholm and loses puck.
3:43 of 2nd period - Jack Roslovic is hit by Mattias Ekholm.
4:26 of 2nd period - Shot by Erik Gustafsson.
4:26 of 2nd period - Shot Misses the Net.
4:31 of 2nd period - Erik Haula is hit by Mattias Ekholm and loses puck.
4:48 of 2nd period - Shot by Erik Haula.
4:48 of 2nd period - Deflect By Brandon Tanev.
4:48 of 2nd period - Stopped by Ilya Samsonov without a rebound.
4:49 of 2nd period - Evgeny Kuznetsov wins face-off versus Robert Thomas in MINNESOTA Wild zone.
5:54 of 2nd period - Shot by Jack Roslovic.
5:54 of 2nd period - Stopped by Ilya Samsonov without a rebound.
5:55 of 2nd period - Trevor Moore wins face-off versus Erik Haula in MINNESOTA Wild zone.
6:30 of 2nd period - Erik Gustafsson is hit by Caleb Jones and loses puck.
7:04 of 2nd period - Minor Penalty to Mathieu Joseph for Tripping.
7:05 of 2nd period - J.T. Miller wins face-off versus Evgeny Kuznetsov in MINNESOTA Wild zone.
7:24 of 2nd period - Shot by Gustav Forsling.
7:24 of 2nd period - Shot Blocked by Mattias Ekholm.
7:28 of 2nd period - Shot by Gustav Forsling.
7:28 of 2nd period - Deflect By Oliver Bjorkstrand.
7:28 of 2nd period - Stopped by Ilya Samsonov without a rebound.
7:29 of 2nd period - J.T. Miller wins face-off versus Erik Haula in MINNESOTA Wild zone.
7:41 of 2nd period - Icing by Colin Miller.
7:42 of 2nd period - J.T. Miller wins face-off versus Roope Hintz in ST. LOUIS Blues zone.
8:03 of 2nd period - Shot by Roope Hintz.
8:03 of 2nd period - Stopped by Ilya Samsonov without a rebound.
8:04 of 2nd period - Anton Lundell wins face-off versus Evgeny Kuznetsov in MINNESOTA Wild zone.
8:30 of 2nd period - Erik Karlsson is hit by Mattias Ekholm.
9:17 of 2nd period - Icing by Caleb Jones.
9:18 of 2nd period - Erik Haula wins face-off versus Robert Thomas in MINNESOTA Wild zone.
9:35 of 2nd period - Shot by Robert Thomas.
9:35 of 2nd period - Stopped by Filip Gustavsson with a rebound.
9:43 of 2nd period - Shot by Martin Necas.
9:43 of 2nd period - Deflect By Kevin Fiala.
9:43 of 2nd period - Stopped by Filip Gustavsson without a rebound.
9:44 of 2nd period - J.T. Miller wins face-off versus Robby Fabbri in ST. LOUIS Blues zone.
10:29 of 2nd period - Minor Penalty to Colin Miller for Roughing.
10:30 of 2nd period - Roope Hintz wins face-off versus Robert Thomas in ST. LOUIS Blues zone.
10:40 of 2nd period - Off-side.
10:41 of 2nd period - Roope Hintz wins face-off versus Robert Thomas in neutral zone.
10:46 of 2nd period - Morgan Rielly is hit by Roope Hintz and loses puck.
10:53 of 2nd period - Shot by Alexandre Carrier.
10:53 of 2nd period - Shot Blocked by Gustav Forsling.
11:09 of 2nd period - Shot by Robert Thomas.
11:09 of 2nd period - Stopped by Filip Gustavsson with a rebound.
11:11 of 2nd period - Shot by Robert Thomas.
11:11 of 2nd period - Stopped by Filip Gustavsson without a rebound.
11:12 of 2nd period - Roope Hintz wins face-off versus Nikita Kucherov in ST. LOUIS Blues zone.
11:23 of 2nd period - Shot by Mattias Ekholm.
11:23 of 2nd period - Goal by Mattias Ekholm - ST. LOUIS Blues : 1 - MINNESOTA Wild : 3.
11:24 of 2nd period - Yanni Gourde wins face-off versus Erik Haula in neutral zone.
11:49 of 2nd period - Shot by Marcus Johansson.
11:49 of 2nd period - Deflect By Brandon Tanev.
11:49 of 2nd period - Shot Blocked by Mattias Ekholm.
12:36 of 2nd period - Shot by J.T. Miller.
12:36 of 2nd period - Shot Misses the Net.
13:36 of 2nd period - Shot by Robert Thomas.
13:36 of 2nd period - Deflect By Martin Necas.
13:36 of 2nd period - Shot Blocked by Calle Jarnkrok.
13:38 of 2nd period - Shot by Kevin Fiala.
13:38 of 2nd period - Deflect By Robert Thomas.
13:38 of 2nd period - Stopped by Filip Gustavsson without a rebound.
13:39 of 2nd period - Erik Haula wins face-off versus Anton Lundell in ST. LOUIS Blues zone.
13:39 of 2nd period - Erik Haula is hit by Mathieu Joseph.
13:44 of 2nd period - Erik Gustafsson is hit by Mattias Ekholm and loses puck.
15:13 of 2nd period - Shot by Tyler Toffoli.
15:13 of 2nd period - Shot Misses the Net.
15:19 of 2nd period - Shot by Tyler Toffoli.
15:19 of 2nd period - Stopped by Filip Gustavsson without a rebound.
15:20 of 2nd period - Robert Thomas wins face-off versus Jonathan Marchessault in ST. LOUIS Blues zone.
15:21 of 2nd period - Shot by Kevin Fiala.
15:21 of 2nd period - Shot Blocked by Erik Karlsson.
15:23 of 2nd period - Shot by Martin Necas.
15:23 of 2nd period - Goal by Martin Necas - ST. LOUIS Blues : 1 - MINNESOTA Wild : 4.
15:24 of 2nd period - Evgeny Kuznetsov wins face-off versus Robert Thomas in neutral zone.
15:37 of 2nd period - Zach Werenski is hit by Jonathan Marchessault and loses puck.
15:46 of 2nd period - Shot by Jonathan Marchessault.
15:46 of 2nd period - Shot Misses the Net.
16:04 of 2nd period - Shot by Robert Thomas.
16:04 of 2nd period - Stopped by Filip Gustavsson without a rebound.
16:05 of 2nd period - Robby Fabbri wins face-off versus Tyler Toffoli in ST. LOUIS Blues zone.
16:18 of 2nd period - Shot by J.T. Miller.
16:18 of 2nd period - Deflect By Nikita Kucherov.
16:18 of 2nd period - Shot Blocked by Damon Severson.
16:20 of 2nd period - Shot by Tyler Toffoli.
16:20 of 2nd period - Goal by Tyler Toffoli - ST. LOUIS Blues : 1 - MINNESOTA Wild : 5.
16:20 of 2nd period - Marc-Andre Fleury enters game.
16:21 of 2nd period - Yanni Gourde wins face-off versus Erik Haula in neutral zone.
16:32 of 2nd period - Shot by Yanni Gourde.
16:32 of 2nd period - Shot Hit the Post.
16:48 of 2nd period - Shot by Trevor Moore.
16:48 of 2nd period - Shot Misses the Net.
18:03 of 2nd period - Icing by Gustav Forsling.
18:04 of 2nd period - Roope Hintz wins face-off versus Robert Thomas in ST. LOUIS Blues zone.
18:13 of 2nd period - Shot by Roope Hintz.
18:13 of 2nd period - Stopped by Ilya Samsonov without a rebound.
18:14 of 2nd period - Kevin Fiala wins face-off versus Evgeny Kuznetsov in MINNESOTA Wild zone.
18:16 of 2nd period - Icing by Robert Thomas.
18:17 of 2nd period - Robert Thomas wins face-off versus Jonathan Marchessault in MINNESOTA Wild zone.
18:32 of 2nd period - Shot by Martin Necas.
18:32 of 2nd period - Shot Misses the Net.
18:34 of 2nd period - Shot by Robert Thomas.
18:34 of 2nd period - Goal by Robert Thomas - ST. LOUIS Blues : 1 - MINNESOTA Wild : 6.
18:35 of 2nd period - J.T. Miller wins face-off versus Erik Haula in neutral zone.
19:52 of 2nd period - Calle Jarnkrok is hit by Martin Necas and loses puck.
Goals for this period are 0 for ST. LOUIS Blues vs 5 for MINNESOTA Wild.
Shots for this period are 7 for ST. LOUIS Blues vs 14 for MINNESOTA Wild.

3rd period


0:01 of 3rd period - Roope Hintz wins face-off versus J.T. Miller in neutral zone.
0:05 of 3rd period - Erik Karlsson is hit by Alex Pietrangelo and loses puck.
0:06 of 3rd period - Minor Penalty to Alex Pietrangelo for Cross-checking.
0:07 of 3rd period - J.T. Miller wins face-off versus Jonathan Marchessault in MINNESOTA Wild zone.
0:19 of 3rd period - Shot by Gustav Forsling.
0:19 of 3rd period - Shot Blocked by Caleb Jones.
0:25 of 3rd period - Shot by Erik Karlsson.
0:25 of 3rd period - Shot Misses the Net.
0:48 of 3rd period - Shot by Erik Karlsson.
0:48 of 3rd period - Stopped by Ilya Samsonov without a rebound.
0:49 of 3rd period - Evgeny Kuznetsov wins face-off versus Anton Lundell in MINNESOTA Wild zone.
1:18 of 3rd period - Off-side.
1:19 of 3rd period - Roope Hintz wins face-off versus Anton Lundell in neutral zone.
1:21 of 3rd period - Erik Karlsson is hit by Mattias Ekholm and loses puck.
1:44 of 3rd period - Shot by Erik Karlsson.
1:44 of 3rd period - Stopped by Ilya Samsonov without a rebound.
1:45 of 3rd period - Evgeny Kuznetsov wins face-off versus Anton Lundell in MINNESOTA Wild zone.
1:56 of 3rd period - Shot by Colin Miller.
1:56 of 3rd period - Shot Misses the Net.
1:58 of 3rd period - Shot by Damon Severson.
1:58 of 3rd period - Shot Misses the Net.
2:00 of 3rd period - Shot by Oliver Bjorkstrand.
2:00 of 3rd period - Shot Blocked by Mattias Ekholm.
2:02 of 3rd period - Shot by Evgeny Kuznetsov.
2:02 of 3rd period - Stopped by Ilya Samsonov without a rebound.
2:03 of 3rd period - J.T. Miller wins face-off versus Roope Hintz in MINNESOTA Wild zone.
2:10 of 3rd period - Shot by Martin Necas.
2:10 of 3rd period - Stopped by Marc-Andre Fleury with a rebound.
2:12 of 3rd period - Shot by Martin Necas.
2:12 of 3rd period - Stopped by Marc-Andre Fleury without a rebound.
2:13 of 3rd period - J.T. Miller wins face-off versus Evgeny Kuznetsov in ST. LOUIS Blues zone.
2:16 of 3rd period - Shot by Nikita Kucherov.
2:16 of 3rd period - Shot Misses the Net.
2:26 of 3rd period - Shot by Mattias Ekholm.
2:26 of 3rd period - Stopped by Marc-Andre Fleury without a rebound.
2:27 of 3rd period - Roope Hintz wins face-off versus Robert Thomas in ST. LOUIS Blues zone.
3:08 of 3rd period - Shot by Roope Hintz.
3:08 of 3rd period - Stopped by Ilya Samsonov without a rebound.
3:09 of 3rd period - J.T. Miller wins face-off versus Jonathan Marchessault in MINNESOTA Wild zone.
3:25 of 3rd period - Icing by Erik Karlsson.
3:26 of 3rd period - Yanni Gourde wins face-off versus Evgeny Kuznetsov in ST. LOUIS Blues zone.
3:35 of 3rd period - Shot by Erik Karlsson.
3:35 of 3rd period - Shot Blocked by Yanni Gourde.
3:51 of 3rd period - Shot by Yanni Gourde.
3:51 of 3rd period - Deflect By Trevor Moore.
3:51 of 3rd period - Shot Misses the Net.
4:10 of 3rd period - Shot by Yanni Gourde.
4:10 of 3rd period - Goal by Yanni Gourde - ST. LOUIS Blues : 1 - MINNESOTA Wild : 7.
4:11 of 3rd period - Calle Jarnkrok wins face-off versus J.T. Miller in neutral zone.
4:39 of 3rd period - Jack Roslovic is hit by Mattias Ekholm and loses puck.
4:47 of 3rd period - Icing by Alex Pietrangelo.
4:48 of 3rd period - J.T. Miller wins face-off versus Marcus Johansson in MINNESOTA Wild zone.
5:08 of 3rd period - Icing by Brandon Tanev.
5:09 of 3rd period - Robert Thomas wins face-off versus Erik Haula in ST. LOUIS Blues zone.
5:23 of 3rd period - Shot by Erik Haula.
5:23 of 3rd period - Stopped by Ilya Samsonov without a rebound.
5:24 of 3rd period - Taylor Hall wins face-off versus Roope Hintz in MINNESOTA Wild zone.
5:29 of 3rd period - Gustav Forsling is hit by Yanni Gourde and loses puck.
5:36 of 3rd period - Shot by Trevor Moore.
5:36 of 3rd period - Shot Blocked by Erik Karlsson.
5:38 of 3rd period - Shot by Trevor Moore.
5:38 of 3rd period - Shot Misses the Net.
5:46 of 3rd period - Shot by Taylor Hall.
5:46 of 3rd period - Shot Misses the Net.
5:48 of 3rd period - Shot by Caleb Jones.
5:48 of 3rd period - Stopped by Marc-Andre Fleury without a rebound.
5:49 of 3rd period - Evgeny Kuznetsov wins face-off versus J.T. Miller in ST. LOUIS Blues zone.
5:49 of 3rd period - Evgeny Kuznetsov is hit by J.T. Miller.
5:55 of 3rd period - Alex Pietrangelo is hit by Jonathan Marchessault and loses puck.
6:00 of 3rd period - Shot by Evgeny Kuznetsov.
6:00 of 3rd period - Stopped by Ilya Samsonov without a rebound.
6:01 of 3rd period - Robert Thomas wins face-off versus Roope Hintz in MINNESOTA Wild zone.
6:01 of 3rd period - Robert Thomas is hit by Jack Roslovic.
6:04 of 3rd period - Icing by Kevin Fiala.
6:05 of 3rd period - Robert Thomas wins face-off versus Roope Hintz in MINNESOTA Wild zone.
6:05 of 3rd period - Robert Thomas is hit by Calle Jarnkrok.
6:08 of 3rd period - Icing by Morgan Rielly.
6:09 of 3rd period - Roope Hintz wins face-off versus Robert Thomas in MINNESOTA Wild zone.
6:18 of 3rd period - Shot by Calle Jarnkrok.
6:18 of 3rd period - Deflect By Jack Roslovic.
6:18 of 3rd period - Shot Blocked by Robert Thomas.
6:24 of 3rd period - Shot by Martin Necas.
6:24 of 3rd period - Stopped by Marc-Andre Fleury without a rebound.
6:25 of 3rd period - J.T. Miller wins face-off versus Evgeny Kuznetsov in ST. LOUIS Blues zone.
6:26 of 3rd period - Shot by Nikita Kucherov.
6:26 of 3rd period - Shot Misses the Net.
6:32 of 3rd period - Shot by Tyler Toffoli.
6:32 of 3rd period - Deflect By Nikita Kucherov.
6:32 of 3rd period - Shot Blocked by Damon Severson.
6:44 of 3rd period - Shot by Oliver Bjorkstrand.
6:44 of 3rd period - Stopped by Ilya Samsonov without a rebound.
6:45 of 3rd period - Roope Hintz wins face-off versus Robert Thomas in MINNESOTA Wild zone.
7:27 of 3rd period - Shot by Kevin Fiala.
7:27 of 3rd period - Stopped by Marc-Andre Fleury without a rebound.
7:28 of 3rd period - J.T. Miller wins face-off versus Evgeny Kuznetsov in ST. LOUIS Blues zone.
7:28 of 3rd period - Mattias Ekholm is hit by Damon Severson and loses puck.
8:03 of 3rd period - Evgeny Kuznetsov is hit by Alex Pietrangelo and loses puck.
8:46 of 3rd period - Shot by Taylor Hall.
8:46 of 3rd period - Stopped by Marc-Andre Fleury without a rebound.
8:47 of 3rd period - Roope Hintz wins face-off versus Robert Thomas in ST. LOUIS Blues zone.
8:54 of 3rd period - Shot by Roope Hintz.
8:54 of 3rd period - Shot Misses the Net.
9:00 of 3rd period - Shot by Robert Thomas.
9:00 of 3rd period - Shot Blocked by Oscar Klefbom.
9:02 of 3rd period - Shot by Morgan Rielly.
9:02 of 3rd period - Shot Blocked by Roope Hintz.
9:10 of 3rd period - Shot by Robert Thomas.
9:10 of 3rd period - Stopped by Marc-Andre Fleury without a rebound.
9:11 of 3rd period - Yanni Gourde wins face-off versus Erik Haula in ST. LOUIS Blues zone.
9:56 of 3rd period - Icing by Erik Karlsson.
9:57 of 3rd period - Erik Haula wins face-off versus J.T. Miller in ST. LOUIS Blues zone.
10:38 of 3rd period - Off-side.
10:39 of 3rd period - Robert Thomas wins face-off versus Oliver Bjorkstrand in neutral zone.
10:42 of 3rd period - Shot by Martin Necas.
10:42 of 3rd period - Shot Misses the Net.
10:46 of 3rd period - Shot by Martin Necas.
10:46 of 3rd period - Stopped by Marc-Andre Fleury without a rebound.
10:47 of 3rd period - Robert Thomas wins face-off versus Oliver Bjorkstrand in ST. LOUIS Blues zone.
10:52 of 3rd period - Shot by Kevin Fiala.
10:52 of 3rd period - Stopped by Marc-Andre Fleury with a rebound.
11:02 of 3rd period - Shot by Martin Necas.
11:02 of 3rd period - Shot Blocked by Oscar Klefbom.
11:13 of 3rd period - Oliver Bjorkstrand is hit by Morgan Rielly and loses puck.
11:26 of 3rd period - Shot by Oliver Bjorkstrand.
11:26 of 3rd period - Goal by Oliver Bjorkstrand - ST. LOUIS Blues : 2 - MINNESOTA Wild : 7.
11:27 of 3rd period - J.T. Miller wins face-off versus Roope Hintz in neutral zone.
11:55 of 3rd period - Shot by Calle Jarnkrok.
11:55 of 3rd period - Shot Misses the Net.
11:59 of 3rd period - Shot by Roope Hintz.
11:59 of 3rd period - Stopped by Ilya Samsonov without a rebound.
12:00 of 3rd period - Erik Haula wins face-off versus Anton Lundell in MINNESOTA Wild zone.
12:10 of 3rd period - Minor Penalty to Caleb Jones for Holding.
12:11 of 3rd period - Roope Hintz wins face-off versus J.T. Miller in MINNESOTA Wild zone.
12:11 of 3rd period - Jonathan Marchessault is hit by Alexandre Carrier and loses puck.
12:43 of 3rd period - Jonathan Marchessault is hit by Mattias Ekholm and loses puck.
13:11 of 3rd period - Icing by Jack Roslovic.
13:12 of 3rd period - Evgeny Kuznetsov wins face-off versus Anton Lundell in ST. LOUIS Blues zone.
13:35 of 3rd period - Shot by Evgeny Kuznetsov.
13:35 of 3rd period - Shot Misses the Net.
13:37 of 3rd period - Shot by Gustav Forsling.
13:37 of 3rd period - Stopped by Ilya Samsonov without a rebound.
13:38 of 3rd period - Evgeny Kuznetsov wins face-off versus J.T. Miller in MINNESOTA Wild zone.
13:39 of 3rd period - Shot by Erik Karlsson.
13:39 of 3rd period - Stopped by Ilya Samsonov without a rebound.
13:39 of 3rd period - Minor Penalty to Alexandre Carrier for Tripping.
13:40 of 3rd period - Evgeny Kuznetsov wins face-off versus J.T. Miller in MINNESOTA Wild zone.
14:38 of 3rd period - Damon Severson is hit by Caleb Jones and loses puck.
14:46 of 3rd period - Icing by Colin Miller.
14:47 of 3rd period - Roope Hintz wins face-off versus J.T. Miller in ST. LOUIS Blues zone.
14:54 of 3rd period - Shot by Jonathan Marchessault.
14:54 of 3rd period - Goal by Jonathan Marchessault - ST. LOUIS Blues : 3 - MINNESOTA Wild : 7.
14:55 of 3rd period - Robert Thomas wins face-off versus Robby Fabbri in neutral zone.
15:08 of 3rd period - Shot by Roope Hintz.
15:08 of 3rd period - Shot Misses the Net.
15:30 of 3rd period - Martin Necas is hit by Kevin Labanc and loses puck.
15:42 of 3rd period - Icing by Zach Werenski.
15:43 of 3rd period - Evgeny Kuznetsov wins face-off versus Robert Thomas in MINNESOTA Wild zone.
15:46 of 3rd period - Shot by Oliver Bjorkstrand.
15:46 of 3rd period - Shot Misses the Net.
15:48 of 3rd period - Shot by Erik Karlsson.
15:48 of 3rd period - Stopped by Ilya Samsonov without a rebound.
15:49 of 3rd period - Evgeny Kuznetsov wins face-off versus Nikita Kucherov in MINNESOTA Wild zone.
16:11 of 3rd period - Tyler Toffoli is hit by Erik Karlsson.
16:42 of 3rd period - Icing by Mattias Ekholm.
16:43 of 3rd period - J.T. Miller wins face-off versus Roope Hintz in MINNESOTA Wild zone.
17:03 of 3rd period - Roope Hintz is hit by Alexandre Carrier and loses puck.
17:20 of 3rd period - Martin Necas is hit by Roope Hintz and loses puck.
17:32 of 3rd period - Icing by Erik Gustafsson.
17:33 of 3rd period - Yanni Gourde wins face-off versus Roope Hintz in ST. LOUIS Blues zone.
18:04 of 3rd period - Shot by Taylor Hall.
18:04 of 3rd period - Stopped by Marc-Andre Fleury without a rebound.
18:05 of 3rd period - Brandon Tanev wins face-off versus J.T. Miller in ST. LOUIS Blues zone.
18:35 of 3rd period - Shot by J.T. Miller.
18:35 of 3rd period - Deflect By Tyler Toffoli.
18:35 of 3rd period - Stopped by Marc-Andre Fleury without a rebound.
18:36 of 3rd period - Evgeny Kuznetsov wins face-off versus Robert Thomas in ST. LOUIS Blues zone.
18:36 of 3rd period - Gustav Forsling is hit by Kevin Fiala and loses puck.
19:53 of 3rd period - Icing by Erik Gustafsson.
19:54 of 3rd period - Yanni Gourde wins face-off versus Roope Hintz in ST. LOUIS Blues zone.
Goals for this period are 2 for ST. LOUIS Blues vs 1 for MINNESOTA Wild.
Shots for this period are 13 for ST. LOUIS Blues vs 13 for MINNESOTA Wild. Output by the SimonT Hockey Simulator (STHS) for Martin Benoit - Original Page W3C HTML5 Valid
Hockey Simulator - Hockey Simulation - Hockey Manager